 Dungeon Crawl Stone Soup version 0.28.0-43-g3370ac3207 (webtiles) character file.

Game seed: 8127548480258831053

21 protoss039 the Firebug (level 2, 0/15 HPs)
             Began as a Deep Elf Fire Elementalist on Mar 28, 2022.
             Succumbed to a kobold's poison
             ... on level 1 of the Dungeon.
             The game lasted 00:00:53 (956 turns).

protoss039 the Firebug (Deep Elf Fire Elementalist)  Turns: 956, Time: 00:00:54

Health: 0/15       AC:  2    Str:  5    XL:     2   Next: 62%
Magic:  6/8        EV: 12    Int: 19    God:
Gold:   46         SH:  0    Dex: 15    Spells: 6/7 levels left

rFire   . . .      SeeInvis .   b - +0 dagger
rCold   . . .      Faith    .   (no shield)
rNeg    . . .      Spirit   .   a - +0 robe
rPois   .          Reflect  .   (no helmet)
rElec   .          Harm     .   (no cloak)
rCorr   .          Rampage  .   (no gloves)
Will    .....                   (no boots)
Stlth   ++........              (no amulet)
HPRegen 0.05/turn               (no ring)
MPRegen 0.11/turn               (no ring)

@: lethally poisoned (0 -> -17)
A: no striking features
a: no special abilities


You were on level 1 of the Dungeon.
You visited 1 branch of the dungeon, and saw 1 of its levels.

You collected 46 gold pieces.

Inventory:

Hand Weapons
 b - a +0 dagger (weapon)
Armour
 a - a +0 robe (worn)


   Skills:
 * Level 2.6 Dodging
 * Level 2.5 Stealth
 + Level 3.4 Spellcasting
 + Level 1.3 Conjurations
 + Level 3.8 Fire Magic


You had 6 spell levels left.
You knew the following spells:

 Your Spells              Type           Power      Damage    Failure   Level
a - Foxfire               Conj/Fire      52%        2x1d6     4%          1

Your spell library contained the following spells:

 Spells                   Type           Power      Damage    Failure   Level
 Scorch                   Fire           34%        2d6       4%          2
 Conjure Flame            Conj/Fire      13%        6-21      16%         3
 Inner Flame              Hex/Fire       10%        N/A       21%         3
 Flame Wave               Conj/Fire      13%        2d6       45%         4


Dungeon Overview and Level Annotations

Branches:
Dungeon (1/15)

Altars:


Message History

Unknown command.
Casting: Foxfire (safe; 4% risk of failure)
Confirm with . or Enter, or press ? or * to list all spells.
You conjure some foxfire!
Unknown command.
Casting: Foxfire (safe; 4% risk of failure)
Confirm with . or Enter, or press ? or * to list all spells.
You conjure some foxfire!
Your foxfire dissipates! x2
Your foxfire dissipates! x2
Your foxfire dissipates! x2
Your foxfire dissipates!
Key pressed, stopping explore.
No target in view!
Unknown command.
You now have 46 gold pieces (gained 9).
A ball python comes into view.
A ball python is nearby!
A ball python is nearby!
A ball python is nearby!
A kobold comes into view. It is wielding a +1 dagger of venom.
The kobold shouts!
The ball python hisses angrily.
The kobold hits you with a +1 dagger of venom.
You barely miss the kobold. The kobold misses you.
You hit the ball python.
You kill the ball python!
The kobold hits you with a +1 dagger of venom.
You are lethally poisoned!
Unknown command.
Casting: Foxfire (safe; 4% risk of failure)
Confirm with . or Enter, or press ? or * to list all spells.
You conjure some foxfire!
You feel very sick.
The kobold hits you with a +1 dagger of venom.
* * * LOW HITPOINT WARNING * * *
You are more poisoned.
Casting: Foxfire (safe; 4% risk of failure)
Confirm with . or Enter, or press ? or * to list all spells.
You conjure some foxfire!
You die...

....##....# #.. #.......##
+....# #..##.......#
#...####### .##.......#
#...##..... .##.......####
######...##..... .##..........#
......#####..... .###.........#
.........##..... .###.........#
.........##....v#K............#
..........+....v@####.........#
.........##....v.v.......†....#
####.....#####.######.........#
#.†...# #. #.........# #.....#
#.######.........# ##########
#................# ....#
################## ###.# #†#


You could see a kobold (ally target).

Vanquished Creatures
  A dart slug (D:1)
  An endoplasm (D:1)
  2 goblins (D:1)
  A hobgoblin (D:1)
  2 jackals (D:1)
  A quokka (D:1)
  4 ball pythons (D:1)
  A bat (D:1)
  A frilled lizard (D:1)
  2 kobolds (D:1)
  3 rats (D:1)
19 creatures vanquished.

Vanquished Creatures (others)
  83 foxfires (D:1)
83 creatures vanquished.

Grand Total: 102 creatures vanquished

Notes
Turn   | Place    | Note
-------+----------+-------------------------------------------
     0 | D:1      | protoss039 the Deep Elf Fire Elementalist began the quest
                  | for the Orb.
     0 | D:1      | Reached XP level 1. HP: 10/10 MP: 6/6
   398 | D:1      | Reached XP level 2. HP: 13/15 MP: 5/8
   956 | D:1      | Succumbed to a kobold's poison

Illustrated notes

Levels and vault maps discovered:
D:1:      dpeg_arrival_boxorama, layout_basic, nicolae_grassy_gnolls

Action                   || total
-------------------------++-------
Melee: Dagger            ||    12
       Unarmed           ||     1
 Cast: Foxfire           ||    50
Armor: Robe              ||    11
Dodge: Dodged            ||    13
